 Dungeon Crawl Stone Soup version 0.22.0-32-gbc6daba (webtiles) character file.

401 iamserjio the Ruffian (level 6, 59/59 HPs)
             Began as a Troll Fighter on Aug 23, 2018.
             Quit the game on level 6 of the Dungeon.
             The game lasted 00:07:17 (906 turns).

iamserjio the Ruffian (Troll Fighter)                Turns: 906, Time: 00:07:18

Health: 59/59      AC:  5    Str: 27    XL:     6   Next: 54%
Magic:  5/5        EV:  8    Int:  6    God:
Gold:   107        SH:  9    Dex:  9    Spells: 5/5 levels left

rFire    . . .     SeeInvis .     - Unarmed
rCold    . . .     Gourm    +   b - +0 shield
rNeg     . . .     Faith    .   a - +0 robe
rPois    .         Spirit   +   (helmet restricted)
rElec    .         Reflect  .   (no cloak)
rCorr    .         Harm     .   (gloves unavailable)
MR       .....                  (boots unavailable)
Stlth    +.........             f - amulet of guardian spirit
HPRegen  0.59/turn              o - +2 ring of strength
MPRegen  0.09/turn              (no ring)

@: no status effects
A: large, unfitting armour, claws 3, fast metabolism 3, gourmand, regeneration
1, shaggy fur 1, tough skin 2
a: no special abilities


You were on level 6 of the Dungeon.
You were hungry.

You visited 1 branch of the dungeon, and saw 6 of its levels.

You collected 107 gold pieces.

Inventory:

Hand Weapons
 k - a cursed +0 long sword
Armour
 a - a +0 robe (worn)
 b - a +0 shield (worn)
Jewellery
 f - an amulet of guardian spirit (around neck)
 o - a +2 ring of strength (left claw)
Wands
 n - a wand of paralysis (9)
Scrolls
 h - a scroll of random uselessness
 i - 2 scrolls of teleportation
 j - a scroll of vulnerability {unknown}
Potions
 c - 4 potions of might
 e - a potion of brilliance {unknown}
 g - a potion of cancellation {unknown}
 l - a potion of agility {unknown}
 m - 2 potions of lignification {unknown}
Comestibles
 d - 7 rations


   Skills:
 - Level 2.4 Fighting
 - Level 2.4 Dodging
 - Level 2.4 Shields
 + Level 7.1 Unarmed Combat


You had 5 spell levels left.
You didn't know any spells.
Your spell library contained the following spells:

 Spells                   Type           Power        Failure   Level  Hunger
 Animate Skeleton         Necr           N/A          90%         1    ##.....
 Apportation              Tloc           #.....       90%         1    ##.....
 Confusing Touch          Hex            #.....       90%         1    ##.....
 Summon Small Mammal      Summ           #...         90%         1    ##.....


Dungeon Overview and Level Annotations

Branches:
Dungeon (6/15)
 Temple: D:4-7

Altars:
Ashenzari
Dithmenos
Kikubaaqudgha
Makhleb
Qazlal
Ru
Vehumet


Innate Abilities, Weirdness & Mutations

You are too large for most types of armour.
You have claws for hands.
Your metabolism is lightning-fast.
You like to eat raw meat.
Your natural rate of healing is unusually fast.
You are covered in fur. (AC +1)
You have very tough skin. (AC +2)


Message History

Found 16 gold pieces.
You now have 107 gold pieces (gained 16).
Found a bubbling golden potion.
A hound comes into view.
The hound barks!
Found a burning altar of Makhleb.
The hound barely misses you. The hound bites you.
Found a scroll labeled WIREUL BUABI.
You mangle the hound!!
You kill the hound!
Your Unarmed Combat skill increases to level 7!
You are feeling hungry.
g - a bubbling golden potion
j - a scroll labeled WIREUL BUABI
Found a golden potion.
m - 2 golden potions (gained 1)
Found a stone staircase leading down.
Found a mace.
There is a stone staircase leading down here.
Are you sure you want to abandon this character and quit the game? (Confirm with "yes".)

*,* *,**,* *,*
*....* *,*
#...#####** *,*
##........,* ***
#.........,*
###.........,*
##...........,*
#..).........,*
#...@........,* ##
*##.###.#+#.##+**
#.
*,...,#.#,*,**,***
#.
***#.##.#,*,**,,,*
#.
##....#,*,****,*
#. #.....#,,,* *,*
#. #.###.#**** *,*
#. #,* #.# *,* #.
*,* #.# *,* #.


There were no monsters in sight!

Vanquished Creatures
  A howler monkey (D:5)
  A crimson imp (D:5)
  2 hounds (D:6)
  An orc priest (D:3)
  2 orc wizards (D:3)
  An iguana (D:4)
  A worker ant (D:6)
  Natasha (twice) (D:2)
  A worker ant zombie (D:5)
  2 adders
  An ooze (D:1)
  An adder skeleton (D:4)
  2 worms
  2 dart slugs (D:3)
  4 leopard geckos
  5 orcs
  A ball python (D:2)
  3 giant cockroaches
  2 goblins (D:2)
  2 hobgoblins
  4 jackals (D:5)
  A quokka (D:3)
  4 bats
  3 frilled lizards
  A leopard gecko skeleton (D:6)
  2 rats (D:3)
52 creatures vanquished.

Vanquished Creatures (others)
  A jackal (D:5)
1 creature vanquished.

Grand Total: 53 creatures vanquished

Notes
Turn   | Place    | Note
-------+----------+-------------------------------------------
     0 | D:1      | iamserjio the Troll Fighter began the quest for the Orb.
     0 | D:1      | Reached XP level 1. HP: 22/22 MP: 0/0
    58 | D:1      | Reached XP level 2. HP: 27/29 MP: 1/1
    80 | D:2      | Noticed Natasha
    85 | D:2      | Noticed a crimson imp
    88 | D:2      | Killed Natasha
    88 | D:2      | Reached skill level 3 in Unarmed Combat
    88 | D:2      | Reached XP level 3. HP: 31/36 MP: 2/2
   277 | D:3      | Reached skill level 4 in Unarmed Combat
   312 | D:3      | Reached XP level 4. HP: 30/44 MP: 3/3
   324 | D:3      | Reached skill level 5 in Unarmed Combat
   329 | D:3      | Found a stormy altar of Qazlal.
   329 | D:3      | Found an ancient bone altar of Kikubaaqudgha.
   330 | D:3      | Found a shadowy altar of Dithmenos.
   364 | D:3      | Reached XP level 5. HP: 19/50 MP: 4/4
   528 | D:3      | Found a sacrificial altar of Ru.
   597 | D:2      | Found a radiant altar of Vehumet.
   597 | D:2      | Noticed Natasha
   602 | D:2      | Killed Natasha
   658 | D:4      | Found a shattered altar of Ashenzari.
   727 | D:4      | Reached skill level 6 in Unarmed Combat
   734 | D:5      | Entered Level 5 of the Dungeon
   750 | D:5      | Reached XP level 6. HP: 54/59 MP: 3/5
   862 | D:6      | Found a burning altar of Makhleb.
   864 | D:6      | Reached skill level 7 in Unarmed Combat
   906 | D:6      | Quit the game

Skill      XL: |  1  2  3  4  5  6 |
---------------+-------------------+-----
Unarmed Combat | 3 4 5 6 7 |  7.1
Fighting       | |  2.4
Dodging        | |  2.4
Shields        | |  2.4

Action                   |  1- 3 |  4- 6 || total
-------------------------+-------+-------++-------
Melee: Unarmed           |    48 |    94 ||   142
  Use: Scroll            |       |     4 ||     4
  Eat: Chunk             |     4 |     1 ||     5
Armor: Robe              |    14 |    30 ||    44
Dodge: Dodged            |    18 |    39 ||    57
Block: Shield            |    12 |    34 ||    46
